 Dungeon Crawl Stone Soup version 0.32-a0-128-g77eb882913 (console) character file.

Game seed: 12102483777001886771

2578 petzl the Apothecary (level 9, -17/65 HPs)
             Began as a Formicid Delver on Feb 8, 2024.
             Was an Initiate of Vehumet.
             Demolished by a komodo dragon (27 damage)
             ... on level 10 of the Dungeon on Feb 13, 2024.
             The game lasted 00:46:49 (9364 turns).

petzl the Apothecary (Formicid Delver)              Turns: 9364, Time: 00:46:52

Health: -17/65     AC: 10    Str: 18    XL:     9   Next: 88%
Magic:  14/21      EV: 12    Int: 13    God:    Vehumet [......]
Gold:   157        SH:  0    Dex: 15    Spells: 11/22 levels left

rFire   . . .        b - +2 whip (venom)
rCold   . . .        (no shield)
rNeg    . . .        l - +0 leather armour
rPois   .            (helmet unavailable)
rElec   .            A - +0 cloak
rCorr   .            x - +0 pair of gloves
SInv    +            n - +0 pair of boots
Will    +....        y - amulet of the acrobat
Stlth   +++          F - +4 ring of protection
HPRegen 0.30/turn    e - ring of willpower
MPRegen 0.17/turn

%: acrobat
@: very slightly contaminated
A: permanent stasis, dig shafts and tunnels, antennae 3, four strong arms, high
MP 1, sense surroundings 1, evolution 1
a: Dig, Shaft Self, Renounce Religion


You were on level 10 of the Dungeon.
You worshipped Vehumet.
Vehumet was noncommittal.
You visited 2 branches of the dungeon, and saw 14 of its levels.

You collected 326 gold pieces.
You spent 169 gold pieces at shops.

Inventory:

Hand Weapons
 a - a +0 orcbow
 b - a +2 whip of venom (weapon)
 c - a +2 flail of protection
 B - a +0 lajatang
 G - a +0 sling
Missiles
 r - 3 throwing nets
 t - 21 poisoned darts
Armour
 l - a +0 leather armour (worn)
 n - a +0 pair of boots (worn)
 x - a +0 pair of gloves (worn)
 A - a +0 cloak (worn)
Jewellery
 e - a ring of willpower (right hand)
 y - an amulet of the acrobat (around neck)
 F - a +4 ring of protection (left hand)
Wands
 f - a wand of digging (1)
 s - a wand of iceblast (6)
 E - a wand of quicksilver (4)
Scrolls
 g - a scroll of enchant armour
 h - a scroll of fog
 i - 3 scrolls of poison
 k - 4 scrolls of identify
 u - 2 scrolls of immolation
 v - a scroll of amnesia
Potions
 d - a potion of brilliance {unknown}
 j - a potion of curing
 m - 2 potions of resistance
 o - a potion of ambrosia {unknown}
 p - a potion of haste {unknown}
 q - a potion of might
 w - a potion of berserk rage {unknown}
 z - a potion of mutation
 C - a potion of cancellation {unknown}
 D - a potion of lignification


   Skills:
 - Level 4.0 Fighting
 - Level 2.0 Maces & Flails
 - Level 5.0 Ranged Weapons
 - Level 2.0 Armour
 - Level 3.0 Dodging
 - Level 6.0 Stealth
 - Level 7.0 Spellcasting
 * Level 5.3 Fire Magic
 * Level 7.3 Alchemy
 - Level 2.0 Evocations


You had 11 spell levels left.
You knew the following spells:

 Your Spells              Type           Power      Damage    Failure   Level
a - Stone Arrow           Conj/Erth      8%         3d7       47%         3
s - Sticky Flame          Fire/Alch      21%        2d6       13%         4
I - Ignite Poison         Fire/Alch      21%        N/A       13%         4

Your spell library contained the following spells:

 Spells                   Type           Power      Damage    Failure   Level
 Petrify                  Alch/Erth      14%        N/A       38%         4
 Animate Dead             Necr           4%         N/A       87%         4
 Borgnjor's Vile Clutch   Necr/Erth      2%         N/A       99%         5
 Summon Forest            Summ/Tloc      2%         N/A       99%         5
 Death Channel            Necr           2%         N/A       100%        6
 Ignition                 Fire           9%         3d5       100%        8


Dungeon Overview and Level Annotations

Branches:
Dungeon (13/15)            Temple (1/1) D:5
   Lair: D:8-11         Orc: D:9-12      Vaults: D:13-14

Altars:
Ashenzari
Cheibriados
Fedhas
Gozag
Hepliaklqana
Makhleb
Ru
Sif Muna
Trog
Uskayaw
Vehumet
Xom
Zin
The Shining One

Shops:
D:5 ?***?

Annotations:
D:5 exclusion: downstairs
D:6 exclusion: upstairs
D:10 exclusions: downstairs and manticore
D:11 Snorg
D:12 exclusions: 6 sensed monsters (detected), 2 slime creatures, vampire mosquito and wraith


Innate Abilities, Weirdness & Mutations

You cannot be hasted, slowed, berserked, paralysed or teleported.
You can dig through walls and to a lower floor.
You have a pair of large antennae on your head. (SInv)
Your four strong arms can wield two-handed weapons with a shield.
You have an increased reservoir of magic. (+10% MP)
You passively map a small area around you.
You have hidden genetic potential.


Message History

b - a +2 whip of venom (weapon)
The komodo dragon hisses menacingly.
You hit the bullfrog.
The bullfrog is moderately wounded.
The bullfrog misses you. The bullfrog hits you.
* * * LOW HITPOINT WARNING * * *
You hit the bullfrog.
The bullfrog is poisoned.
The bullfrog is heavily wounded.
The bullfrog closely misses you. The bullfrog attacks as it pursues you!
The bullfrog closely misses you. The bullfrog completely misses you.
The bullfrog attacks as it pursues you! The bullfrog closely misses you.
The bullfrog attacks as it pursues you!
The bullfrog hits you but does no damage.
The bullfrog completely misses you.
You hear the creaking of a distant portcullis.
You kill the bullfrog!
Vehumet accepts your kill.
Okay, then.
Casting: Sticky Flame (dangerous; 13% risk of failure)
Confirm with . or Enter, or press ? or * to list all spells.
Okay, then.
Casting: Sticky Flame (dangerous; 13% risk of failure)
Confirm with . or Enter, or press ? or * to list all spells.
Aiming: Stone Arrow (dangerous; 47% risk of failure)
Press: ? - help, Shift-Dir - straight line, f - komodo dragon
Aim: a komodo dragon (74% to hit)
You miscast Stone Arrow.
You are very lightly contaminated with residual magic.
Nothing appears to happen.
Casting: Stone Arrow (dangerous; 47% risk of failure)
Confirm with . or Enter, or press ? or * to list all spells.
Aiming: Sticky Flame (dangerous; 13% risk of failure)
Press: ? - help, Shift-Dir - straight line, f/p - komodo dragon
Aim: a komodo dragon You miscast Sticky Flame.
There is a sudden and violent explosion of flames!
* * * LOW HITPOINT WARNING * * *
The komodo dragon bites you!!
You die...

* .... * ######... ,, , ........# * ,
.#..#...# ** .#..#..#.# * .#..#..#..##
.#..#..#....# *, *, ,#..#..#..#..# * *
.............#######.
,...................# * * *
...........######### .†.........#
###################..........#
#..#..............#).........#
#..#.~≈~≈~~~~~~≈~.#..........#########
#..#.~≈≈≈≈≈≈~≈≈≈~.#.........[.........
#..'.~≈≈≈≈≈≈≈≈≈≈~.'...................
#..#.~~≈~≈≈≈~~~~~.#...................
#..#.........@l...#...........#######.
#..################...........# #.
#.............................# #.
#######...#########....÷......# #.
#...# #...........# #. #...#
#...........# * #...# #...........#
#...# #...........# #######...#
#...........# #.........#
#.>.......... ###########
#############


You could see a komodo dragon.

Vanquished Creatures
  A two-headed ogre (D:10)
  A manticore (D:10)
  Grinder (D:5)
  2 yaks (D:12)
  A water moccasin (D:5)
  An ogre (D:6)
  A centaur (D:10)
  2 kobold brigands
  A gnoll sergeant (D:6)
  A bullfrog (D:10)
  A howler monkey (D:12)
  A bombardier beetle (D:4)
  2 hounds
  An orc priest (D:6)
  3 iguanas
  An orc wizard (D:3)
  8 gnolls
  12 adders
  A white imp (D:6)
  4 ufetubi
  2 dart slugs
  3 ribbon worms
  13 orcs
  7 bats
  6 endoplasms
  9 giant cockroaches
  7 goblins
  11 hobgoblins
  9 jackals
  20 kobolds
  8 quokkas
  3 ball pythons
  A frilled lizard (D:1)
  5 rats
150 creatures vanquished.

Notes
Turn   | Place    | Note
-------+----------+-------------------------------------------
     0 | D:5      | petzl the Formicid Delver began the quest for the Orb.
     0 | D:5      | Reached XP level 1. HP: 18/18 MP: 1/1
    41 | D:6      | Noticed an orc wizard
    41 | D:6      | Noticed an ogre
    82 | D:5      | Noticed a +0 dagger
    82 | D:5      | Noticed a +0 dagger
   137 | D:5      | Found Rimeq's General Store.
   378 | D:1      | Reached skill level 1 in Spellcasting
   390 | D:1      | Reached XP level 2. HP: 24/24 MP: 3/3
   436 | D:1      | Reached skill level 1 in Ranged Weapons
   537 | D:1      | Reached XP level 3. HP: 27/29 MP: 5/5
  1481 | D:2      | Reached XP level 4. HP: 24/35 MP: 7/7
  2178 | D:3      | Reached XP level 5. HP: 38/41 MP: 9/9
  3344 | D:4      | Reached XP level 6. HP: 39/47 MP: 11/11
  3712 | D:5      | Noticed Grinder
  3712 | D:5      | Found Haqaez's General Store.
  3712 | D:5      | Found a staircase to the Ecumenical Temple.
  3712 | D:5      | Found Ylan's Assorted Antiques.
  4093 | D:6      | Noticed an ice beast
  4171 | D:5      | Found a hide-covered altar of Uskayaw.
  4178 | D:5      | Noticed a water moccasin
  4182 | D:5      | Found Fuvuck's Magic Scroll Shoppe.
  4299 | D:5      | Reached XP level 7. HP: 28/50 MP: 13/13
  4397 | D:5      | Bought a scroll of identify for 26 gold pieces
  4397 | D:5      | Bought a scroll of identify for 26 gold pieces
  4397 | D:5      | Bought a scroll of identify for 26 gold pieces
  4425 | D:5      | Killed a water moccasin
  4607 | D:4      | Reached skill level 5 in Spellcasting
  6111 | Temple   | Entered the Ecumenical Temple
  6121 | Temple   | Became a worshipper of Vehumet
  6233 | D:5      | Bought a scroll labelled XALEKY CUUKHU for 25 gold pieces
  6233 | D:5      | Bought a sedimented grey potion for 22 gold pieces
  6396 | D:5      | Reached skill level 5 in Ranged Weapons
  6400 | D:5      | You fall into a shaft and drop 3 floors!
  6810 | D:6      | Learned a level 4 spell: Sticky Flame
  6980 | D:6      | Reached skill level 1 in Alchemy
  6980 | D:6      | Reached XP level 8. HP: 44/58 MP: 15/17
  7088 | D:5      | Found Zieruucu's Magic Scroll Emporium.
  7110 | D:5      | Reached skill level 1 in Fire Magic
  7146 | D:5      | Bought a scroll of identify for 22 gold pieces
  7146 | D:5      | Bought a scroll of identify for 22 gold pieces
  7503 | D:5      | Killed Grinder
  7504 | D:5      | Reached skill level 1 in Evocations
  7873 | D:6      | You fall into a shaft and drop 3 floors!
  7983 | D:9      | Noticed a wraith
  8132 | D:9      | You fall into a shaft and drop 3 floors!
  8190 | D:12     | Noticed a slime creature
  8190 | D:12     | Noticed a slime creature
  8190 | D:12     | Noticed a wraith
  8209 | D:12     | Got the Grimoire of the Productive Caves
  8214 | D:12     | Learned a level 3 spell: Stone Arrow
  8391 | D:13     | Noticed a manticore
  8416 | D:11     | Noticed a troll
  8416 | D:11     | Noticed a yak
  8416 | D:11     | Noticed a yak
  8416 | D:11     | Noticed a yak
  8416 | D:11     | Noticed a yak
  8448 | D:12     | Killed a yak
  8449 | D:12     | Reached skill level 1 in Armour
  8527 | D:12     | Noticed a brown ugly thing
  8551 | D:12     | Noticed a boulder beetle
  8573 | D:11     | Noticed a two-headed ogre
  8596 | D:11     | Noticed a kobold demonologist
  8598 | D:11     | Found a snail-covered altar of Cheibriados.
  8639 | D:11     | Noticed a skeletal warrior
  8647 | D:11     | You fall into a shaft and drop 1 floor!
  8722 | D:11     | Noticed Snorg
  8729 | D:11     | Learned a level 4 spell: Ignite Poison
  8813 | D:12     | Noticed a slime creature
  8813 | D:12     | Noticed a freezing wraith
  8834 | D:12     | Noticed a manticore
  8880 | D:12     | Killed a yak
  8881 | D:12     | Reached XP level 9. HP: 23/65 MP: 15/18
  9059 | D:10     | Entered Level 10 of the Dungeon
  9116 | D:10     | Gained mutation: You passively map a small area around you.
                  | [potion of mutation]
  9116 | D:10     | Gained mutation: You have hidden genetic potential. [potion
                  | of mutation]
  9116 | D:10     | Gained mutation: You have an increased reservoir of magic.
                  | (+10% MP) [potion of mutation]
  9254 | D:10     | Noticed a manticore
  9271 | D:10     | Noticed a komodo dragon
  9339 | D:10     | Noticed a two-headed ogre
  9341 | D:10     | Killed a manticore
  9342 | D:10     | Reached skill level 5 in Alchemy
  9344 | D:10     | Killed a two-headed ogre
  9345 | D:10     | Reached skill level 5 in Fire Magic
  9364 | D:10     | Demolished by a komodo dragon

Illustrated notes

Levels and vault maps discovered:
D:1:      shiori_arrival_whats_in_store_for_you, layout_basic
D:2:      minmay_door_path, layout_basic, nicolae_concentric_dashed_squares_mild
D:3:      kennysheep_six_static_rooms, layout_loops_ring, portal_sewer_entry_f
D:4:      layout_loops_ring
D:5:      layout_loops_ring, dancing_weapons_uskayaw, temple_statues,
          serial_shops, shop_statue, nicolae_shop_statue_plus,
          nicolae_shop_trees, nicolae_shop_tiny_glass, nicolae_shop_crystal,
          uniq_grinder
D:6:      nicolae_cairo_tiling_large_dashed, layout_loops_ring, serial_shops,
          shop_fountains
D:7:      layout_gridville, tgw_kikubaaqudgha, old_standard_altar,
          nicolae_shop_self_help, uniq_joseph, uniq_maggie, uniq_duvessa
D:8:      layout_loops_cross, kennysheep_ying_yang, pf_just_have_faith,
          jmf_multi_god_temple, chequers_serial_rivers_small_3, uniq_amaemon
D:9:      layout_loops_ring, nicolae_dithmenos_the_darkroom, david_orc_2,
          ebering_ghost_inner_flame, special_room [special_room_bee],
          grunt_ministairs_12
D:10:     layout_small_grid, grunt_lair_entry_orc_guard_hut, enter_bailey_4,
          nrook_pool_corridor, minmay_misc_feat_diagonals, chequers_big_river
D:11:     layout_rooms, trove_entry_hex_spiral, slow_altar_1, uniq_erolcha,
          uniq_snorg
D:12:     layout_roguey
D:13:     layout_rooms, skrybe_vaults_entry_preservation, okawaru_gym_becter,
          uniq_rupert, uniq_lodul
Temple:   hellmonk_temple_forest_ring

Skill      XL: |  1  2  3  4  5  6  7  8  9 |
---------------+----------------------------+-----
Spellcasting   | 1 2 3 4 6 7 |  7.0
Ranged Weapons | 1 2 3 4 5 |  5.0
Alchemy        | 1 4 7 |  7.3
Dodging        | 2 3 |  3.0
Fire Magic     | 3 5 |  5.3
Evocations     | 2 |  2.0
Fighting       | 4 |  4.0
Armour         | 1 2 |  2.0
Maces & Flails | |  2.0
Stealth        | |  6.0

Action                     |  1- 3 |  4- 6 |  7- 9 || total
---------------------------+-------+-------+-------++-------
  Melee: Mace              |     5 |       |       ||     5
         Whip              |     6 |   148 |   133 ||   287
         Punch             |       |     9 |    10 ||    19
   Fire: Sling             |   100 |   124 |    76 ||   300
         Orcbow            |       |       |     7 ||     7
   Cast: Sticky Flame      |       |       |     1 ||     1
Ability: Dig               |       |     1 |     4 ||     5
         Shaft Self        |       |       |     4 ||     4
  Evoke: Wand              |       |       |    10 ||    10
    Use: Potion            |       |     2 |     7 ||     9
         Scroll            |       |     5 |     5 ||    10
   Stab: Sleeping          |       |     1 |       ||     1
 Armour: Leather armour    |    38 |   121 |   130 ||   289
  Dodge: Dodged            |    43 |   154 |   148 ||   345

Table legend: (Time is in decaauts)
 A = Elapsed time spent in this place.
 B = Non-inter-level travel time spent in this place.
 C = Inter-level travel time spent in this place.
 D = Time resting spent in this place.
 E = Time spent auto-exploring this place.
 F = Levels seen in this place.
 G = Mean time per level.
                   A        B        C        D        E       F      G
               +--------+--------+--------+--------+--------+-----+--------+
         Total |   9413 |   8930 |    483 |   1741 |   4008 |  14 |  672.4 |
       Dungeon |   9331 |   8866 |    465 |   1695 |   4008 |  13 |  717.8 |
        Temple |     82 |     64 |     18 |     46 |      0 |   1 |   82.0 |
               +--------+--------+--------+--------+--------+-----+--------+

Top non-repeatable levels by time:
     D:4: 2300 daAuts
     D:3: 1200 daAuts
     D:5: 1164 daAuts
     D:6: 1122 daAuts
     D:2: 958 daAuts
     D:1: 915 daAuts
    D:12: 785 daAuts
    D:10: 306 daAuts
     D:9: 260 daAuts
     D:8: 166 daAuts
    D:11: 116 daAuts
  Temple: 82 daAuts
    D:13: 24 daAuts
     D:7: 9 daAuts
